 Dungeon Crawl Stone Soup version 0.29.1-12-g30fa7ad0bf (webtiles) character file.

Game seed: 16461303690659499459

1395 XinyiCatfish the Basher (level 8, -4/69 HPs)
             Began as a Palentonga Abyssal Knight on Jan 18, 2023.
             Was an Elder of Lugonu.
             Killed by divine providence
             ... invoked by an orc priest
              (7 damage)
             ... on level 5 of the Dungeon.
             The game lasted 00:25:42 (5123 turns).

XinyiCatfish the Basher (Palentonga Abyssal Knight) Turns: 5123, Time: 00:25:43

Health: -4/69      AC: 15    Str: 20    XL:     8   Next: 41%
Magic:  8/9        EV:  9    Int: 10    God:    Lugonu [****..]
Gold:   142        SH:  0    Dex: 12    Spells: 6/7 levels left

rFire   + + .      SeeInvis +   w - +1 mace (pain)
rCold   . . .      Faith    .   (no shield)
rNeg    + . .      Spirit   .   e - +2 robe {rN+}
rPois   +          Reflect  .   c - +1 helmet
rElec   +          Harm     .   (no cloak)
rCorr   +          Rampage  .   (no gloves)
Will    .....                   (no barding)
Stlth   +.........              (no amulet)
HPRegen 0.21/turn               k - ring of fire
MPRegen 0.11/turn               j - ring of wizardry

@: mighty, brilliant, resistant, curled up
A: large, rugged brown scales 3, see invisible, deformed body, roll 1, armoured
tail, reflexive curl
a: Rolling Charge, Renounce Religion, Depart the Abyss, Bend Space, Banish,
Corrupt


You were on level 5 of the Dungeon.
You worshipped Lugonu.
Lugonu was greatly pleased with you.
You visited 1 branch of the dungeon, and saw 5 of its levels.
You visited the Abyss 1 time.

You collected 181 gold pieces.
You spent 39 gold pieces at shops.

Inventory:

Hand Weapons
 a - a +1 mace
 h - a +0 whip
 w - a +1 mace of pain (weapon)
Missiles
 d - 5 boomerangs
 f - 4 curare-tipped darts
 g - 8 poisoned darts
Armour
 c - a +1 helmet (worn)
 e - a +2 robe of positive energy (worn)
 r - the +1 chain mail "Cabb" {rElec rF+}
   (You found it on level 4 of the Dungeon)

   rF:        It protects you from fire.
   rElec:     It insulates you from electricity.
Jewellery
 j - a ring of wizardry (right hand)
 k - a ring of fire (left hand)
Wands
 x - a wand of flame (7)
Scrolls
 i - a scroll of enchant weapon {unknown}
 m - a scroll of vulnerability {unknown}
 n - a scroll of noise {unknown}
 p - a scroll of enchant armour
 q - 2 scrolls of teleportation
 t - 2 scrolls of amnesia {unknown}
 y - a scroll of blinking {unknown}
Potions
 l - 3 potions of magic
 o - a potion of lignification {unknown}
 s - 2 potions of curing
 u - a potion of flight {unknown}
 z - a potion of brilliance


   Skills:
 + Level 6.4 Fighting
 + Level 8.7 Maces & Flails
 - Level 0.2 Throwing
 - Level 1.5 Armour
 - Level 0.7 Dodging
 + Level 1.0 Necromancy
 + Level 2.3 Invocations


You had 6 spell levels left.
You knew the following spells:

 Your Spells              Type           Power      Damage    Failure   Level
a - Sting                 Tmut/Pois      0%         1d3       16%         1

Your spell library contained the following spells:

 Spells                   Type           Power      Damage    Failure   Level
 Magic Dart               Conj           0%         1d3       16%         1
 Call Imp                 Summ           0%         N/A       22%         2
 Poisonous Vapours        Pois/Air       0%         N/A       22%         2
 Mephitic Cloud           Conj/Pois/Air  0%         N/A       41%         3
 Olgreb's Toxic Radiance  Pois           0%         N/A       80%         4


Dungeon Overview and Level Annotations

Branches:
Dungeon (5/15)             Temple (0/1) D:4

Altars:
Okawaru
Ru
Uskayaw
The Shining One

Shops:
D:1 ([(*(   D:2 =   D:4 **


Innate Abilities, Weirdness & Mutations

You are completely covered in rugged brown scales. (AC +3, +7% HP)
You have supernaturally acute eyesight. (SInv)
Armour fits poorly on your strangely shaped body.
You can roll at nearby foes to attack.
You have a long armoured tail.
You curl defensively after being hit. (AC +7*)


Message History

Lugonu accepts your kill.
The orc shoots an arrow.
The arrow closely misses you.
You closely miss Dvallin's ghost. Dvallin's ghost barely misses you.
You thump Dvallin's ghost!
Dvallin's ghost is heavily damaged.
Dvallin's ghost barely misses you.
You sock Dvallin's ghost!
Dvallin's ghost is almost destroyed.
Dvallin's ghost hits you but does no damage.
You barely miss Dvallin's ghost. You tail-slap Dvallin's ghost.
You destroy Dvallin's ghost!
Lugonu accepts your kill.
You barely miss the orc. The orc hits you with a +0 mace.
* * * LOW HITPOINT WARNING * * *
Okay, then.
It was a potion of brilliance.
You feel clever all of a sudden. The orc closely misses you.
You barely miss the orc. The orc hits you with a +0 mace.
* * * LOW HITPOINT WARNING * * *
You hit the orc.
The orc is severely wounded.
The orc hits you with a +0 mace.
* * * LOW HITPOINT WARNING * * *
The orc priest mumbles some strange prayers to Beogh against you.
Beogh smites you!
* * * LOW HITPOINT WARNING * * *
Space bends violently around you!
You blink.
It was a potion of resistance.
You feel protected.
The orc priest looks braver for a moment.
Aiming: Throw Flame
Press: ? - help, Shift-Dir - straight line, f - orc priest
Aim: an orc priest, wielding a +0 flail and wearing a +0 leather armour (68% to hit)
The puff of flame hits the orc.
You kill the orc!
Lugonu accepts your kill.
The orc priest mumbles some strange prayers to Beogh against you.
Beogh smites you!
You die...

#........#.#..##.##.########..#
#.##.##..#.#..##.##...........#
#.##.##..........############.#
.....##.##.#..#### #.#
########8........# #.#
8.....#...#####.############.#
.)##..#...####...............#
..8#..#..ooo..o.##############
..##..#...#####@# #####
....#.#...# #.# ##...##
[...#.'(..# ##.####.###.##
_.8.#.'...# #...##.## ##.######
[...#.'...# #......# #.......
....#.#...# #...##.## ##.##.##.
..##oo#...##
#######.###..##.##<
..8#.o#....# ##...#.##.###
..##..#...## ##.##.##...)


You could see an orc priest and 3 orcs.

Vanquished Creatures
  Prince Ribbit (D:5)
  Grinder (D:5)
  Sigmund (D:3)
  An orc warrior (D:5)
  An ogre (D:5)
  4 scorpions
  A crimson imp (D:4)
  A hound (D:4)
  An orc priest (D:5)
  4 iguanas
  An orc wizard (D:4)
  The ghost of Dvallin the Sneak, a weakling HODe of Makhleb (D:5)
  Robin (D:2)
  5 adders
  3 worms
  A dart slug (D:2)
  17 orcs
  3 ball pythons
  6 bats
  11 endoplasms
  13 giant cockroaches
  6 hobgoblins
  5 kobolds
  4 quokkas
  2 frilled lizards
  15 goblins
  A goblin skeleton (D:4)
  2 hobgoblin zombies (D:4)
  A kobold zombie (D:4)
  2 orc skeletons (D:4)
  4 rats
120 creatures vanquished.

Notes
Turn   | Place    | Note
-------+----------+-------------------------------------------
     0 | Abyss:1  | XinyiCatfish the Palentonga Abyssal Knight began the quest
                  | for the Orb.
     0 | Abyss:1  | Reached XP level 1. HP: 19/19 MP: 2/2
     1 | D:1      | Escaped the Abyss
    53 | D:1      | Found Xuycsot's General Store.
    66 | D:1      | Found Qaopaiq's Antique Weapon Shoppe.
   314 | D:1      | Found Azouxtit's Weapon Emporium.
   474 | D:1      | Reached XP level 2. HP: 25/25 MP: 3/3
   746 | D:1      | Found Efalla's Armour Shop.
   819 | D:1      | Found Pastrir's Antique Weapon Boutique.
   969 | D:2      | Noticed Robin
   994 | D:2      | Killed Robin
   995 | D:2      | Reached XP level 3. HP: 29/32 MP: 4/4
  1000 | D:2      | Reached *** piety under Lugonu
  1381 | D:2      | Found Lyascheyx's Jewellery Shoppe.
  1697 | D:2      | Noticed Sigmund
  1781 | D:2      | Reached XP level 4. HP: 23/39 MP: 5/5
  1988 | D:3      | Killed Sigmund
  1989 | D:3      | Reached skill level 4 in Maces & Flails
  1989 | D:3      | Reached XP level 5. HP: 24/46 MP: 6/6
  2263 | D:3      | Found a sacrificial altar of Ru.
  2366 | D:3      | Found a hide-covered altar of Uskayaw.
  3014 | D:4      | Found a glowing golden altar of the Shining One.
  3017 | D:4      | Reached skill level 5 in Fighting
  3017 | D:4      | Reached skill level 5 in Maces & Flails
  3017 | D:4      | Reached XP level 6. HP: 48/54 MP: 7/7
  3042 | D:4      | Identified the +1 chain mail "Cabb" {rElec rF+}
  3047 | D:4      | Reached **** piety under Lugonu
  3109 | D:4      | Found a staircase to the Ecumenical Temple.
  3364 | D:4      | Reached skill level 6 in Maces & Flails
  3366 | D:4      | Gained mutation: You curl defensively after being hit. (AC
                  | +7*) [Palentonga growth]
  3366 | D:4      | Reached XP level 7. HP: 59/59 MP: 8/8
  3825 | D:4      | Found Kegais's General Store.
  3826 | D:4      | Found Nuero's Specific Store.
  3837 | D:4      | Bought a scroll of teleportation for 39 gold pieces
  3887 | D:5      | Entered Level 5 of the Dungeon
  3892 | D:5      | Identified the +3 leather armour of Dim Light {Str+4 Int+2}
  4179 | D:5      | Found a runed translucent gate.
  4179 | D:5      | Noticed Dvallin's ghost (weakling HODe)
  4181 | D:5      | Found a runed translucent gate.
  4182 | D:5      | Found a runed translucent gate.
  4185 | D:5      | Identified the +2 ring mail of the Shoals {Rampage Dex-5
                  | Stlth+}
  4269 | D:5      | Noticed Grinder
  4285 | D:5      | Killed Grinder
  4286 | D:5      | Reached skill level 7 in Maces & Flails
  4527 | D:5      | Found an iron altar of Okawaru.
  4581 | D:5      | Reached skill level 1 in Necromancy
  4581 | D:5      | Reached XP level 8. HP: 63/68 MP: 9/9
  4598 | D:5      | Learned a level 1 spell: Sting
  4729 | D:5      | Noticed Prince Ribbit
  4741 | D:5      | Killed Prince Ribbit
  4742 | D:5      | Reached skill level 8 in Maces & Flails
  5071 | D:5      | Identified the +0 ring mail of Resilience {rPois Str+3
                  | Int+4 Dex+3}
  5114 | D:5      | Killed Dvallin's ghost
  5123 | D:5      | Killed from afar by an orc priest

Illustrated notes

Levels and vault maps discovered:
D:1:      eino_arrival_cavern_d, layout_basic, serial_shops,
          nicolae_diamond_shop, shop_fountains, nicolae_shop_trees, shop,
          nicolae_shop_crystal, shapermc_ecumenical_altar_petra
D:2:      minmay_roachtagon, layout_basic, serial_shops, nicolae_shop_crystal,
          nicolae_wormholes, uniq_robin, uniq_sigmund
D:3:      layout_basic, lemuel_round_altar, mainiacjoe_overflow_brackets
D:4:      layout_loops_ring, nicolae_tso_besieged_by_evil,
          minmay_temple_entry_statues_fountains, amethyst_killhole,
          nrook_loot_triangle, corexii_hall_statues_i, grunt_ministairs_7,
          nicolae_specific_store
D:5:      layout_loops_ring, mainiacjoe_overflow_alcove_2,
          biasface_ghost_orc_armoury, uniq_prince_ribbit1, uniq_grinder

Skill      XL: |  1  2  3  4  5  6  7  8 |
---------------+-------------------------+-----
Fighting       | 4 5 6 |  6.4
Maces & Flails | 4 5 6 7 8 |  8.7
Necromancy     | 1 |  1.0
Throwing       | |  0.2
Armour         | |  1.5
Dodging        | |  0.7
Invocations    | |  2.3

Action                   |  1- 3 |  4- 6 |  7- 9 || total
-------------------------+-------+-------+-------++-------
Melee: Mace              |    31 |   118 |   117 ||   266
       Tailslap          |    16 |    15 |    12 ||    43
       Whip              |   125 |    10 |       ||   135
       Punch             |     2 |     3 |       ||     5
Throw: Dart              |       |       |     4 ||     4
 Cast: Sting             |       |       |     1 ||     1
Invok: Bend Space        |       |       |     1 ||     1
 Abil: Rolling Charge    |     1 |    17 |     9 ||    27
Evoke: Wand              |       |       |     1 ||     1
  Use: Scroll            |     1 |     3 |     3 ||     7
       Potion            |     1 |     1 |     3 ||     5
 Stab: Distracted        |       |     1 |       ||     1
       Sleeping          |       |     1 |       ||     1
Armor: Leather armour    |    56 |     4 |       ||    60
       Robe              |       |    38 |    37 ||    75
Dodge: Dodged            |    77 |    56 |    50 ||   183
